 Dungeon Crawl Stone Soup version 0.30-a0-149-g7f746667c4 (webtiles) character file.

Game seed: 9894886134262095027

10498 Sobieck the Slicer (level 11, 0/58 HPs)
             Began as a Vine Stalker Gladiator on Sept 26, 2022.
             Was a Believer of Uskayaw.
             Hit by a large rock thrown by a cyclops (35 damage)
             ... on level 11 of the Dungeon.
             The game lasted 00:22:28 (9929 turns).

Sobieck the Slicer (Vine Stalker Gladiator)         Turns: 9929, Time: 00:22:29

Health: 0/58       AC:  6    Str: 18    XL:     11   Next: 63%
Magic:  0/16       EV: 18    Int:  8    God:    Uskayaw [**....]
Gold:   589        SH:  0    Dex: 25    Spells: 10/10 levels left

rFire   . . .      SeeInvis +    b - +7 sling of the Keeping Saviour {venom, rN+}
rCold   . . .      Faith    .    (no shield)
rNeg    + . .      Spirit   +    g - +0 leather armour
rPois   +          Reflect  .    t - +1 hat {SInv}
rElec   .          Harm     .    (no cloak)
rCorr   .          Rampage  .    (no gloves)
Will    +....                    J - +1 pair of boots
Stlth   +++.......               (no amulet)
HPRegen 0.99/turn                B - ring of poison resistance
MPRegen 0.15/turn                f - +6 ring of dexterity

@: no status effects
A: fangs 3, regeneration 1, magic shield, antimagic bite, no potion heal 2
a: Renounce Religion, Stomp, Line Pass


You were on level 11 of the Dungeon.
You worshipped Uskayaw.
Uskayaw was noncommittal.
You visited 1 branch of the dungeon, and saw 11 of its levels.
You also visited: Bailey.

You collected 589 gold pieces.


Innate Abilities, Weirdness & Mutations

You have razor-sharp teeth.
Your natural rate of healing is unusually fast.
When hurt, damage is shared between your health and your magic reserves.
Your bite disrupts and absorbs the magic of your enemies.
Potions cannot restore your health.


   Skills:
 + Level 7.6 Fighting
 + Level 8.5 Short Blades
 + Level 6.8 Throwing
 + Level 7.5 Dodging
 + Level 3.9 Stealth
 * Level 6.4 Invocations
 + Level 2.6 Evocations


You had 10 spell levels left.
You didn't know any spells.
Your spell library contained the following spells:

 Spells                   Type           Power      Damage    Failure   Level
 Cigotuvi's Dreadful Rot  Necr/Pois/Air  0%         N/A       61%         2
 Poisonous Vapours        Pois/Air       0%         N/A       61%         2
 Frozen Ramparts          Ice            0%         1d1       83%         3
 Ignite Poison            Fire/Tmut/Pois 0%         N/A       83%         3
 Mephitic Cloud           Conj/Pois/Air  0%         N/A       83%         3
 Portal Projectile        Hex/Tloc       0%         N/A       83%         3
 Tukima's Dance           Hex            0%         N/A       83%         3
 Anguish                  Hex/Necr       0%         N/A       99%         4
 Ice Form                 Ice/Tmut       0%         N/A       99%         4
 Summon Ice Beast         Ice/Summ       0%         N/A       99%         4
 Arcjolt                  Conj/Air       0%         1d10      100%        5
 Blade Hands              Tmut           0%         N/A       100%        5
 Freezing Cloud           Conj/Ice/Air   0%         6-21      100%        5
 Iskenderun's Battlesphe  Conj           0%         2d6       100%        5
 Iron Shot                Conj/Erth      0%         9d1       100%        6
 Enfeeble                 Hex            0%         N/A       100%        7
 Spellforged Servitor     Conj/Summ      0%         N/A       100%        7

Inventory:

Hand Weapons
 a - a +2 short sword of electrocution {short}
   (You took it off an orc on level 8 of the Dungeon)
 b - the +7 sling of the Keeping Saviour (weapon) {venom, rN+}
   (You found it on level 10 of the Dungeon)

   Any ammunition fired from it poisons the flesh of those it strikes.
   rN:        It protects you from negative energy.
 v - a +2 falchion of electrocution {long}
   (You found it on level 2 of the Dungeon)
 z - a +0 vampiric rapier {short}
 M - a +1 longbow of flaming {bow}
   (You took it off an orc on level 6 of the Dungeon)
 S - a +0 shortbow {bow}
   (You took it off a centaur on level 5 of the Dungeon)
 X - a +1 whip of electrocution {mace}
   (You took it off Pikel on level 6 of the Dungeon)
 Z - a +0 sling
   (You found it on level 1 of the Dungeon)
Missiles
 c - 9 boomerangs {throwing}
 d - 3 throwing nets {=f!fthrowing}
 e - 4 javelins {throwing}
 i - 79 stones {throwing}
 F - 25 poisoned darts {throwing}
Armour
 g - a +0 leather armour (worn)
 r - a +0 ring mail
   (You found it on level 10 of the Dungeon)
 t - a +1 hat of see invisible (worn)
   (You found it on level 2 of the Dungeon)
 u - a +0 ring mail
   (You took it off an orc on level 9 of the Dungeon)
 w - a +0 scale mail
   (You took it off an orc on level 9 of the Dungeon)
 y - a +0 scale mail
   (You took it off a gnoll sergeant on level 8 of the Dungeon)
 J - a +1 pair of boots (worn)
   (You found it on level 3 of the Dungeon)
 L - a +0 chain mail
   (You took it off an orc on level 10 of the Dungeon)
 T - a +0 ring mail
   (You took it off an orc on level 11 of the Dungeon)
Jewellery
 f - a +6 ring of dexterity (right hand)
   (You found it on level 1 of the Dungeon)
 h - a ring of flight
   (You found it on level 1 of the Dungeon)
 j - a +4 ring of evasion
   (You found it on level 1 of the Dungeon)
 m - a +6 ring of strength
   (You found it on level 1 of the Dungeon)
 B - a ring of poison resistance (left hand)
   (You found it on level 2 of the Dungeon)
 D - a ring of ice
   (You took it off a kobold on level 9 of the Dungeon)
Wands
 o - a wand of polymorph (10)
   (You took it off an orc on level 6 of the Dungeon)
Scrolls
 s - 2 scrolls of immolation {!r!r}
 H - 4 scrolls of teleportation {@r4}
 I - a scroll of fear
 P - a scroll of identify {@r1}
 W - a scroll of torment {!r}
Potions
 k - 4 potions of flight
 l - a potion of might
 n - a potion of mutation {!q}
 p - a potion of heal wounds {@q2}
 q - a potion of degeneration {!q@e2}
 x - 3 potions of attraction {!q}
 A - 2 potions of resistance
 C - a potion of ambrosia
 E - 2 potions of cancellation
 G - 2 potions of invisibility
 K - a potion of berserk rage {!q}
 N - 2 potions of magic
 O - 3 potions of curing {@q1}
 Q - a potion of haste {@q3}
 R - a potion of brilliance {unknown}

Dungeon Overview and Level Annotations

Branches:
Dungeon (11/15) Zot: 26617  Temple (0/1) D:6             Orc (0/2) D:11
 Bailey (visited)
   Lair: D:8-11

Altars:
Cheibriados
Dithmenos
Elyvilon
Fedhas
Gozag
Hepliaklqana
Makhleb
Nemelex Xobeh
Qazlal
Ru
Sif Muna
Uskayaw
Wu Jian
Xom
The Shining One
Lugonu

Shops:
D:11 (

Annotations:
D:9 2 transporters

#.......#......# #......
+......# #...... #......#
.#....C. #......#
.#.....###......###
.#.....#..........# ..
.#.....#..........# ....
.#....@#..........#
....######.#.....#.....######
........<..#.....#.....#
..........##.....'.....#
..........'......#.....#
##........#......#.)...#
.#........#......#.....#
.#........#......#.....#
.#........########.....#


You could see a cyclops (extremely poisoned).


Message History

Unknown command.
Unknown command.
You hit the yak but do no damage. You bite the yak, but do no damage.
You hit the yak but do no damage. Lightning courses through the yak!
The yak completely misses you.
You hit the yak. The yak gores you!
You are too injured to fight recklessly!
You are too injured to fight recklessly!
You are too injured to fight recklessly!
You are too injured to fight recklessly!
Unknown command.
You hit the yak. You bite the yak! You drain its power.
You feel invigorated.
You can now pass through a line of other dancers.
Aiming: Line Pass
Press: ? - help, Dir - move target The yak appears confused.
You can no longer pass through a line of other dancers.
The yak closely misses you.
Unknown command.
You hit the yak but do no damage. You bite the yak!
You kill the yak!
Unknown command.
You see here a yak corpse.
There is a stone staircase leading up, spattered with blood here.
You start resting.
Unknown command.
You start resting.
Unknown command.
Unknown command.
Your +2 short sword of electrocution {short} stops crackling.
The +7 sling of the Keeping Saviour {venom, rN+} begins to drip with poison!
b - the +7 sling of the Keeping Saviour (weapon)
{venom, rN+}
Found a stone staircase leading up.
Unknown command.
A two-headed ogre comes into view. It is wielding two +0 giant clubs.
Danger!
You shoot a sling bullet.
The sling bullet hits the two-headed ogre.
The two-headed ogre is poisoned.
The two-headed ogre shouts in stereo!
You shoot a sling bullet.
The sling bullet closely misses the two-headed ogre.
You shoot a sling bullet.
The sling bullet hits the two-headed ogre!
You shoot a sling bullet.
The sling bullet hits the two-headed ogre!
The two-headed ogre looks as sick as possible!
You can now pass through a line of other dancers.
The +7 sling of the Keeping Saviour {venom, rN+} stops dripping with poison.
You hear the crackle of electricity.
a - a +2 short sword of electrocution (weapon)
{short} Unknown command.
You hit the two-headed ogre. You bite the two-headed ogre! You drain its power.
The two-headed ogre barely misses you.
The two-headed ogre hits you with a +0 giant club!
Unknown command.
You hit the two-headed ogre.
Lightning courses through the two-headed ogre!
You kill the two-headed ogre!
Unknown command.
You can no longer pass through a line of other dancers.
Unknown command.
Unknown command.
Your +2 short sword of electrocution {short} stops crackling.
The +7 sling of the Keeping Saviour {venom, rN+} begins to drip with poison!
b - the +7 sling of the Keeping Saviour (weapon)
{venom, rN+} Unknown command.
You open the door.
There is an open door here.
A cyclops comes into view.
Danger!
You shoot a sling bullet. The sling bullet hits the cyclops.
The cyclops is poisoned.
The cyclops shouts!
You shoot a sling bullet. The sling bullet hits the cyclops.
The cyclops looks as sick as possible!
You shoot a sling bullet. The sling bullet hits the cyclops.
The cyclops looks as sick as possible!
The cyclops throws a large rock.
The large rock hits you!!
You can now pass through a line of other dancers.
You are too injured to fight recklessly!
Fire: b) +7 sling of the Keeping Saviour {venom, rN+}
Press: ? - help, Q - select action, (/) - cycle Shift-Dir - straight line, f/p - cyclops
Aim: a cyclops, quivering large rocks (heavily wounded, extremely poisoned, 89% to hit)
You shoot a sling bullet. The sling bullet hits the cyclops.
The cyclops looks as sick as possible!
Fire: b) +7 sling of the Keeping Saviour {venom, rN+}
Press: ? - help, Q - select action, (/) - cycle Shift-Dir - straight line, f/p - cyclops
Aim: a cyclops, quivering large rocks (severely wounded, extremely poisoned, 89% to hit)
You shoot a sling bullet. The sling bullet hits the cyclops!
The cyclops looks as sick as possible!
The cyclops throws a large rock.
The large rock hits you!
Fire: b) +7 sling of the Keeping Saviour {venom, rN+}
Press: ? - help, Q - select action, (/) - cycle Shift-Dir - straight line, f/p - cyclops
Aim: a cyclops, quivering large rocks (almost dead, extremely poisoned, 89% to hit)
You shoot a sling bullet. The sling bullet hits the cyclops.
The cyclops looks as sick as possible!
The cyclops throws a large rock.
The large rock hits you!!!
Ouch! That really hurt!
You die...

Skill      XL: |  1  2  3  4  5  6  7  8  9 10 11 |
---------------+----------------------------------+-----
Throwing       | 2 3 4 5 6 |  6.8
Fighting       | 2 3 4 5 7 |  7.6
Short Blades   | 3 4 5 6 8 |  8.5
Dodging        | 3 4 5 7 |  7.5
Invocations    | 1 2 4 5 6 |  6.4
Stealth        | 1 3 |  3.9
Evocations     | 1 2 |  2.6

Action                   |  1- 3 |  4- 6 |  7- 9 | 10-12 || total
-------------------------+-------+-------+-------+-------++-------
Melee: Rapier            |    54 |   104 |   177 |    84 ||   419
       Bite              |    12 |    24 |    66 |   103 ||   205
       Punch             |     2 |     2 |     1 |     3 ||     8
       Falchion          |     9 |       |       |       ||     9
       Short sword       |       |       |       |   194 ||   194
 Fire: Sling             |    53 |    72 |    42 |    34 ||   201
       Longbow           |       |       |    35 |    20 ||    55
Throw: Dart              |       |       |     3 |     5 ||     8
Invok: Stomp             |       |     1 |       |     1 ||     2
       Line Pass         |       |       |     2 |     8 ||    10
  Use: Scroll            |       |     9 |     8 |     7 ||    24
 Stab: Sleeping          |     2 |       |       |     2 ||     4
       Paralysed         |       |       |     7 |     9 ||    16
       Confused          |       |       |     1 |     2 ||     3
       Distracted        |       |       |       |     1 ||     1
Armor: Leather armour    |    17 |    22 |    27 |    29 ||    95
Dodge: Dodged            |    44 |    83 |   123 |   169 ||   419

Levels and vault maps discovered:
D:1:      nzn_arrival_depleted_hourglass, layout_basic, hex_large
D:2:      layout_rooms
D:3:      minmay_spotlight, layout_basic,
          nicolae_hepliaklqana_monster_ancestors,
          shapermc_ecumenical_altar_pompeii
D:4:      layout_cave_pods, kennysheep_mini_moat,
          nicolae_qazlal_style_of_elements, serial_undead, serial_undead_c,
          serial_undead_b, serial_undead_b, serial_undead_e
D:5:      layout_basic, chei_slow_surprise, elyvilon_altar_4, lemuel_tele_altar
D:6:      layout_basic, old_standard_altar, lemuel_coloured_pillars_altar,
          mainiacjoe_overflow_alcove_1, mainiacjoe_overflow_alcove_2,
          nicolae_sif_muna_condensation, minmay_temple_entry_statues_fountains,
          st_stairs_13, grunt_ministairs_5, uniq_pikel
D:7:      layout_basic, nemelex_xobeh_ov_fountains_minmay,
          nicolae_overflow_hidden_temple, enter_bailey_3
D:8:      layout_basic
D:9:      gammafunk_corrupted_shrine, layout_rooms,
          nicolae_dithmenos_the_darkroom
D:10:     layout_basic, minmay_liquid_box, kennysheep_generic_room_15
D:11:     wander_kiku_kobolds, layout_irregular_city, david_lair_shrubbed,
          david_orc_2, serial_shops, nicolae_shop_stone, grunt_decor_junction

Notes
Turn   | Place    | Note
-------+----------+-------------------------------------------
     0 | D:1      | Sobieck the Vine Stalker Gladiator began the quest for the
                  | Orb.
     0 | D:1      | Reached XP level 1. HP: 11/11 MP: 2/2
   619 | D:1      | Reached XP level 2. HP: 15/15 MP: 3/3
   668 | D:1      | Reached skill level 2 in Throwing
   683 | D:1      | Reached skill level 2 in Fighting
   683 | D:1      | Reached skill level 3 in Short Blades
  1197 | D:2      | Reached XP level 3. HP: 9/18 MP: 2/4
  1493 | D:2      | HP: 3/18 [worm (7)]
  2104 | D:3      | You pick up a book of Vapours and begin reading...
  2104 | D:3      | You add the spells Poisonous Vapours and Cigotuvi's
                  | Dreadful Rot to your library.
  2233 | D:3      | Gained mutation: Your natural rate of healing is unusually
                  | fast. [Vine Stalker growth]
  2233 | D:3      | Reached XP level 4. HP: 23/23 MP: 5/5
  2408 | D:3      | You pick up a book of Maledictions and begin reading...
  2408 | D:3      | You add the spells Anguish and Enfeeble to your library.
  2503 | D:3      | You pick up a book of Maledictions and begin reading...
  2665 | D:3      | Reached skill level 3 in Dodging
  2665 | D:3      | Reached XP level 5. HP: 27/27 MP: 6/6
  2723 | D:2      | Reached skill level 4 in Short Blades
  2798 | D:3      | Found a hazy altar of Hepliaklqana.
  2824 | D:3      | You add the spells Ignite Poison, Mephitic Cloud and
                  | Freezing Cloud to your library.
  2828 | D:3      | Found a faded altar of an unknown god.
  2980 | D:4      | Reached XP level 6. HP: 32/32 MP: 7/7
  3227 | D:4      | Reached skill level 3 in Throwing
  3240 | D:4      | Reached skill level 3 in Fighting
  3318 | D:4      | Found a hide-covered altar of Uskayaw.
  3321 | D:4      | Became a worshipper of Uskayaw the Reveller
  3358 | D:4      | Reached * piety under Uskayaw
  3408 | D:4      | Reached ** piety under Uskayaw
  3484 | D:4      | Noticed an air elemental
  3487 | D:4      | Found a stormy altar of Qazlal.
  3490 | D:4      | Noticed a fire elemental
  3589 | D:4      | Reached XP level 7. HP: 29/36 MP: 8/8
  3767 | D:4      | Noticed a water elemental
  3857 | D:5      | Entered Level 5 of the Dungeon
  3939 | D:5      | Reached skill level 5 in Short Blades
  3988 | D:5      | Found a white marble altar of Elyvilon.
  4079 | D:5      | Reached *** piety under Uskayaw
  4142 | D:5      | Found a blossoming altar of Fedhas.
  4273 | D:5      | Reached **** piety under Uskayaw
  4423 | D:5      | Found a snail-covered altar of Cheibriados.
  4430 | D:5      | Reached skill level 1 in Invocations
  4469 | D:5      | Reached skill level 4 in Dodging
  4469 | D:5      | Gained mutation: You have razor-sharp teeth. [Vine Stalker
                  | growth]
  4469 | D:5      | Reached XP level 8. HP: 30/42 MP: 7/9
  4725 | D:6      | Found a glowing golden altar of the Shining One.
  4787 | D:6      | Found a burning altar of Makhleb.
  4796 | D:6      | Reached skill level 4 in Fighting
  4796 | D:6      | Reached skill level 6 in Short Blades
  4796 | D:6      | Reached skill level 4 in Throwing
  4817 | D:6      | Found a staircase to the Ecumenical Temple.
  4954 | D:6      | Reached skill level 2 in Invocations
  5061 | D:6      | Found an opulent altar of Gozag.
  5138 | D:6      | Found an ornate altar of the Wu Jian Council.
  5138 | D:6      | Noticed Pikel
  5181 | D:6      | Killed Pikel
  5182 | D:6      | Reached XP level 9. HP: 39/46 MP: 4/12
  5437 | D:6      | Reached skill level 7 in Short Blades
  5437 | D:6      | Reached skill level 3 in Invocations
  5446 | D:6      | Found a shimmering blue altar of Sif Muna.
  5655 | D:7      | Found a sparkling altar of Nemelex Xobeh.
  5710 | D:7      | Found a flagged portal.
  5722 | Bailey   | Entered a bailey
  5814 | D:7      | Identified the +1 robe "Opruomar" {*Corrode Str+3 Stlth+}
  6066 | D:7      | Reached skill level 5 in Throwing
  6089 | D:7      | Reached skill level 5 in Fighting
  6089 | D:7      | Reached skill level 5 in Dodging
  6322 | D:7      | You pick up a book of Rime and begin reading...
  6322 | D:7      | You add the spells Frozen Ramparts, Ice Form and Summon Ice
                  | Beast to your library.
  6718 | D:7      | Found a sacrificial altar of Ru.
  6720 | D:7      | Found a shimmering altar of Xom.
  6787 | D:8      | You pick up a book of Weapons and begin reading...
  6787 | D:8      | You add the spells Tukima's Dance, Portal Projectile and
                  | Blade Hands to your library.
  6955 | D:8      | Reached skill level 4 in Invocations
  6960 | D:8      | Reached skill level 8 in Short Blades
  6967 | D:8      | Reached XP level 10. HP: 41/51 MP: 14/14
  7584 | D:8      | Reached skill level 6 in Fighting
  7584 | D:8      | Reached skill level 6 in Throwing
  7584 | D:8      | Reached skill level 5 in Invocations
  7678 | D:8      | Reached skill level 6 in Dodging
  7757 | D:9      | Noticed a boulder beetle
  7880 | D:9      | Killed a boulder beetle
  8086 | D:9      | Reached skill level 7 in Fighting
  8089 | D:9      | Reached skill level 7 in Dodging
  8090 | D:9      | Reached ***** piety under Uskayaw
  8149 | D:9      | Reached skill level 1 in Stealth
  8200 | D:9      | Reached skill level 1 in Evocations
  8213 | D:9      | Reached XP level 11. HP: 58/58 MP: 15/15
  8223 | D:9      | Reached skill level 2 in Stealth
  8277 | D:9      | Found a shadowy altar of Dithmenos.
  8407 | D:9      | Noticed a purple ugly thing
  8408 | D:9      | Noticed a green ugly thing
  8409 | D:9      | Found a corrupted altar of Lugonu.
  8409 | D:9      | Noticed a green ugly thing
  8429 | D:9      | You pick up a book of Power and begin reading...
  8429 | D:9      | You add the spells Iskenderun's Battlesphere, Arcjolt, Iron
                  | Shot and Spellforged Servitor to your library.
  8667 | D:9      | Found a transporter.
  8667 | D:9      | Found the +9 staff of Wucad Mu {*channel}
  8669 | D:9      | Found a transporter.
  8761 | D:10     | Entered Level 10 of the Dungeon
  8984 | D:10     | Reached skill level 2 in Evocations
  9084 | D:10     | Reached skill level 3 in Stealth
  9221 | D:10     | Identified the +7 sling of the Keeping Saviour {venom, rN+}
  9551 | D:11     | Found Arhixoq's Weapon Shop.
  9619 | D:11     | Reached skill level 6 in Invocations
  9640 | D:11     | Found a staircase to the Orcish Mines.
  9859 | D:11     | Noticed a two-headed ogre
  9869 | D:11     | Killed a two-headed ogre
  9923 | D:11     | Noticed a cyclops
  9929 | D:11     | Hit by a large rock thrown by a cyclops

Vanquished Creatures
  A boulder beetle (D:9)
  A two-headed ogre (D:11)
  Pikel (D:6)
  An unseen horror (D:11)
  A troll (D:10)
  A hornet (D:8)
  29 yaks
  A wraith (D:10)
  2 shadows
  A steam dragon (D:8)
  An orc warrior (D:8)
  An ice beast (D:6)
  3 sky beasts
  2 ogres
  3 phantoms
  5 centaurs
  A kobold brigand (D:9)
  A necrophage (D:6)
  4 bullfrogs
  A gnoll sergeant (D:8)
  2 scorpions
  3 wights (D:7)
  14 killer bees
  A howler monkey (D:5)
  3 jellies
  A bullfrog zombie (D:4)
  3 hounds
  An iron imp (D:5)
  3 orc priests
  3 iguanas
  4 orc wizards
  A scorpion zombie (D:4)
  A hound skeleton (D:4)
  A howler monkey zombie (D:4)
  11 adders
  4 gnolls
  A shadow imp (D:6)
  3 white imps
  An ufetubus (D:6)
  3 adder zombies (D:4)
  A worm (D:2)
  2 dart slugs
  30 orcs
  10 endoplasms
  5 giant cockroaches
  6 hobgoblins
  3 jackals (D:3)
  3 quokkas
  7 ball pythons
  4 frilled lizards
  7 goblins
  13 kobolds
  6 rats
  A spectral orc (D:3)
223 creatures vanquished.

Vanquished Creatures (others)
  2 withered plants (D:4)
2 creatures vanquished.

Grand Total: 225 creatures vanquished

Table legend:
 A = Non-vault XP
 B = Vault XP
 C = Vault XP percentage of total XP
 D = Non-vault monster count
 E = Vault monster count
 F = Vault count percentage of total count
                 A         B        C        D         E       F
            +---------+---------+-------+---------+---------+-------
      Total |   13867 |    1131 |   7.5 |     194 |      29 |  13.0
            +---------+---------+-------+---------+---------+-------
        D:1 |      24 |       0 |   0.0 |      15 |       0 |   0.0
        D:2 |      95 |       0 |   0.0 |      16 |       0 |   0.0
        D:3 |     155 |      35 |  18.4 |      24 |       6 |  20.0
        D:4 |     212 |     132 |  38.4 |      19 |       7 |  26.9
        D:5 |     546 |      43 |   7.3 |      10 |       1 |   9.1
        D:6 |     623 |     892 |  58.9 |      15 |       4 |  21.1
        D:7 |     788 |       8 |   1.0 |       8 |       4 |  33.3
        D:8 |    2845 |       0 |   0.0 |      22 |       0 |   0.0
        D:9 |    4521 |       0 |   0.0 |      38 |       0 |   0.0
       D:10 |    2425 |       0 |   0.0 |      23 |       0 |   0.0
       D:11 |    1633 |      18 |   1.1 |       4 |       6 |  60.0
     Bailey |       0 |       3 | 100.0 |       0 |       1 | 100.0
            +---------+---------+-------+---------+---------+-------

Illustrated notes

Table legend:
 A = Kills in this place as a percentage of kills in entire the game.
 B = Kills by you in this place as a percentage of kills by you in the entire game.
 C = Kills by friends in this place as a percentage of kills by friends in the entire game.
 D = Other kills in this place as a percentage of other kills in the entire game.
 E = Experience gained in this place as a percentage of experience gained in the entire game.
 F = Experience gained in this place divided by the number of levels of this place that you have seen.
                   A       B       C       D       E      F
               +-------+-------+-------+-------+-------+----------------------
         Total | 100.0 | 100.0 |   N/A | 100.0 | 100.0 | 1249.8
       Dungeon |  99.6 |  99.5 |   N/A | 100.0 | 100.0 | 1363.2
        Bailey |   0.4 |   0.5 |   N/A |   0.0 |   0.0 |   3.0
               +-------+-------+-------+-------+-------+----------------------

Table legend: (Time is in decaauts)
 A = Elapsed time spent in this place.
 B = Non-inter-level travel time spent in this place.
 C = Inter-level travel time spent in this place.
 D = Time resting spent in this place.
 E = Time spent auto-exploring this place.
 F = Levels seen in this place.
 G = Mean time per level.
                   A        B        C        D        E       F      G
               +--------+--------+--------+--------+--------+-----+--------+
         Total |   9874 |   9445 |    429 |    979 |   6580 |  12 |  822.8 |
       Dungeon |   9841 |   9412 |    429 |    979 |   6580 |  11 |  894.6 |
        Bailey |     32 |     32 |      0 |      0 |      0 |   1 |   32.0 |
               +--------+--------+--------+--------+--------+-----+--------+

Top non-repeatable levels by time:
     D:1: 1358 daAuts
     D:7: 1168 daAuts
     D:6: 1028 daAuts
     D:8: 972 daAuts
     D:4: 935 daAuts
     D:9: 886 daAuts
     D:3: 842 daAuts
    D:10: 830 daAuts
     D:5: 761 daAuts
     D:2: 743 daAuts
    D:11: 315 daAuts
  Bailey: 32 daAuts
